 Dungeon Crawl Stone Soup version 0.29.0-11-gd7f09526c8 (webtiles) character file.

Game seed: 15500325901680969148

588 Arcadio the Grave Robber (level 7, -6/32 HPs)
             Began as a Vine Stalker Necromancer on Sept 4, 2022.
             Killed from afar by a white imp (14 damage)
             ... with a puff of frost
             ... on level 5 of the Dungeon.
             The game lasted 00:10:25 (4993 turns).

Arcadio the Grave Robber (Vine Stalker Necromancer) Turns: 4993, Time: 00:10:25

Health: -6/32      AC: -5    Str: 10    XL:     7   Next: 38%
Magic:  0/15       EV: 13    Int: 17    God:
Gold:   167        SH:  0    Dex: 15    Spells: 6/15 levels left

rFire   + . .      SeeInvis .   m - +2 dagger (speed)
rCold   x . .      Faith    .   (no shield)
rNeg    . . .      Spirit   +   a - +0 robe
rPois   .          Reflect  .   (no helmet)
rElec   .          Harm     .   (no cloak)
rCorr   .          Rampage  .   v - +0 pair of gloves
Will    .....                   (no boots)
Stlth   +++.......              k - amulet of magic regeneration
HPRegen 0.90/turn               n - ring of fire
MPRegen 0.54/turn               r - ring of flight

@: corroded, flying
A: fangs 2, regeneration 1, magic shield, antimagic bite, no potion heal 2
a: no special abilities


You were on level 5 of the Dungeon.
You visited 1 branch of the dungeon, and saw 5 of its levels.

You collected 167 gold pieces.

Inventory:

Hand Weapons
 d - a +0 dagger
 m - a +2 dagger of speed (weapon)
Armour
 a - a +0 robe (worn)
 s - +0 fire dragon scales
 v - a +0 pair of gloves (worn)
Jewellery
 j - an amulet of the acrobat
 k - an amulet of magic regeneration (around neck)
 n - a ring of fire (left hand)
 o - an amulet of reflection
 r - a ring of flight (right hand)
Wands
 z - a wand of mindburst (12)
Scrolls
 b - a scroll of magic mapping {unknown}
 g - a scroll of blinking {unknown}
 i - 2 scrolls of fog {unknown}
 l - a scroll of teleportation {unknown}
 q - a scroll of immolation {unknown}
 t - a scroll of identify
 u - 2 scrolls of poison {unknown}
 y - a scroll of enchant armour {unknown}
 B - a scroll of fear {unknown}
Potions
 c - 3 potions of brilliance
 e - a potion of flight
 f - 4 potions of mutation
 h - a potion of ambrosia {unknown}
 p - 2 potions of attraction {unknown}
 w - a potion of experience {unknown}
 x - 2 potions of curing
 A - a potion of haste {unknown}


   Skills:
 + Level 3.8 Dodging
 - Level 4.0 Stealth
 + Level 4.6 Spellcasting
 + Level 5.8 Necromancy


You had 6 spell levels left.
You knew the following spells:

 Your Spells              Type           Power      Damage    Failure   Level
a - Necrotise             Necr           92%        1d8       1%          1
b - Vampiric Draining     Necr           23%        2d7       4%          3
c - Agony                 Necr           23%        N/A       36%         5

Your spell library contained the following spells:

 Spells                   Type           Power      Damage    Failure   Level
 Animate Dead             Necr           23%        N/A       14%         4
 Frozen Ramparts          Ice            6%         1d1       41%         3
 Ice Form                 Ice/Tmut       3%         N/A       82%         4
 Summon Ice Beast         Ice/Summ       3%         N/A       82%         4


Dungeon Overview and Level Annotations

Branches:
Dungeon (5/15) Zot: 25047
 Temple: D:4-7

Altars:
The Shining One

Shops:
D:4 *


Innate Abilities, Weirdness & Mutations

You have extremely sharp teeth.
Your natural rate of healing is unusually fast.
When hurt, damage is shared between your health and your magic reserves.
Your bite disrupts and absorbs the magic of your enemies.
Potions cannot restore your health.


Message History

The white imp gestures at you. The puff of frost hits you!
You feel a terrible chill!
You hit the jelly. The acid corrodes you!
Your hands burn!
You bite the jelly. You drain its power.
You feel invigorated.
The jelly is heavily wounded.
The jelly hits you. The acid corrodes you!
You are splashed with acid!
Casting: Vampiric Draining (dangerous; 4% risk of failure)
Confirm with . or Enter, or press ? or * to list all spells.
Aiming: Vampiric Draining (dangerous; 4% risk of failure)
Press: ? - help, Shift-Dir - straight line, f - jelly
Aim: a jelly (heavily wounded)
You draw life force from the jelly!
You feel life coursing into your body. The jelly hits you.
You are splashed with acid!
* * * LOW HITPOINT WARNING * * *
Casting: Vampiric Draining (dangerous; 4% risk of failure)
Confirm with . or Enter, or press ? or * to list all spells.
You don't have enough magic to cast this spell.
Casting: Vampiric Draining (dangerous; 4% risk of failure)
Confirm with . or Enter, or press ? or * to list all spells.
Aiming: Necrotise (safe; 1% risk of failure)
Press: ? - help, Shift-Dir - straight line, f/p - jelly
Aim: a jelly (almost dead, chance to affect: 87%)
The jelly writhes in agony.
You kill the jelly!
Your life force feels restored.
Casting: Necrotise (safe; 1% risk of failure)
Confirm with . or Enter, or press ? or * to list all spells.
You can't see any susceptible monsters within range! (Use Z to cast anyway.)
The white imp attacks as you move away! The white imp hits you.
* * * LOW HITPOINT WARNING * * *
The white imp freezes you.
You feel a terrible chill!
* * * LOW HITPOINT WARNING * * *
Casting: Necrotise (safe; 1% risk of failure)
Confirm with . or Enter, or press ? or * to list all spells.
You can't see any susceptible monsters within range! (Use Z to cast anyway.) Unknown command.
You closely miss the white imp. The white imp gestures at you.
The puff of frost hits you!
You feel a terrible chill!
You die...

..#... ####.#.. #####
####....#.####### #....
##.......#........ ##.##
...........###########.##
.........#..........##...
####.###.#.######.#.###..
#5#.# #....#.###.# #@#.#
#.##.#.....# #.#.#
#....####### ..#.# ###..#
# #..#.# #..# #
...#.#####..# #
....#........#######
....########........
###### #########


You could see a white imp.

Vanquished Creatures
  Duvessa (D:4)
  A centaur (D:4)
  A necrophage (D:5)
  Dowan (D:4)
  4 hounds
  A jelly (D:5)
  3 gnolls (D:4)
  4 adders
  A white imp (D:5)
  An ufetubus (D:5)
  3 dart slugs
  3 orcs (D:4)
  8 ball pythons
  4 endoplasms
  5 giant cockroaches
  9 goblins
  4 hobgoblins
  2 quokkas
  7 bats
  4 frilled lizards
  5 kobolds
  2 rats
74 creatures vanquished.

Vanquished Creatures (collateral kills)
  2 endoplasms (D:1)
2 creatures vanquished.

Grand Total: 76 creatures vanquished

Notes
Turn   | Place    | Note
-------+----------+-------------------------------------------
     0 | D:1      | Arcadio the Vine Stalker Necromancer began the quest for
                  | the Orb.
     0 | D:1      | Reached XP level 1. HP: 9/9 MP: 4/4
   387 | D:1      | Reached XP level 2. HP: 10/13 MP: 4/6
  1369 | D:2      | Reached XP level 3. HP: 9/16 MP: 3/7
  1590 | D:2      | Learned a level 3 spell: Vampiric Draining
  1706 | D:2      | Found a glowing golden altar of the Shining One.
  1999 | D:2      | Gained mutation: Your natural rate of healing is unusually
                  | fast. [Vine Stalker growth]
  1999 | D:2      | Reached XP level 4. HP: 15/21 MP: 1/9
  2374 | D:3      | Found a faded altar of an unknown god.
  3537 | D:4      | Reached XP level 5. HP: 24/24 MP: 10/10
  3873 | D:4      | Noticed Duvessa
  3906 | D:3      | Learned a level 5 spell: Agony
  4330 | D:4      | Noticed Dowan
  4338 | D:4      | Killed Duvessa
  4339 | D:4      | Reached skill level 5 in Necromancy
  4339 | D:4      | Reached XP level 6. HP: 25/28 MP: 2/12
  4349 | D:4      | Killed Dowan
  4399 | D:4      | Found Kedawyupp's Assorted Antiques.
  4569 | D:5      | Entered Level 5 of the Dungeon
  4792 | D:5      | Reached XP level 7. HP: 29/32 MP: 12/14
  4993 | D:5      | Killed from afar by a white imp

Illustrated notes

Levels and vault maps discovered:
D:1:      sevenhm_arrival_forest_fort_small_3, layout_loops_ring
D:2:      layout_basic, basic_altar, serial_rivers,
          chequers_serial_rivers_micro_a, chequers_serial_rivers_small_3,
          chequers_serial_rivers_room_a, chequers_serial_rivers_small_3,
          chequers_serial_rivers_small_b, chequers_serial_rivers_small_b
D:3:      layout_basic, ebering_ecumenical_altar_box, serial_park_tiny_pond
D:4:      layout_gridville, serial_shops, kennysheep_mini, kennysheep_diamond,
          dk_vineyard_1, uniq_duvessa
D:5:      minmay_recursive_quarters, layout_basic, serial_shops, shop,
          gammafunk_ghost_split

Skill      XL: |  1  2  3  4  5  6 |
---------------+-------------------+-----
Stealth        | 3 4 |  4.0
Dodging        | 2 3 |  3.8
Spellcasting   | 3 4 |  4.6
Necromancy     | 5 |  5.8

Action                   |  1- 3 |  4- 6 |  7- 9 || total
-------------------------+-------+-------+-------++-------
Melee: Dagger            |    80 |   108 |    23 ||   211
       Bite              |    14 |    32 |     7 ||    53
       Punch             |       |     1 |     1 ||     2
 Cast: Necrotise         |    11 |    24 |     1 ||    36
       Vampiric Draining |     1 |     5 |     1 ||     7
Evoke: Wand              |       |     2 |       ||     2
  Use: Scroll            |       |     4 |       ||     4
       Potion            |       |     1 |       ||     1
 Stab: Sleeping          |     8 |     9 |     2 ||    19
Armor: Robe              |    11 |    14 |     1 ||    26
Dodge: Dodged            |    46 |    91 |    13 ||   150
